Map: Ruines d’Endion

Players

BloodySmile - Winner!

  • Race: Terran Terran
  • League: Gold
  • Spawn Location: 5:00

zidar

  • Race: Zerg Zerg
  • League: Gold
  • Spawn Location: 7:00

VOD

Have the link to the VOD?

Description

Time

  • Played on: July 3, 2016, 1:34 p.m.
  • Length: 8:48
Show
View Real Time Build Order
Export as new Build Order

BloodySmile Terran - Winner!

Build Orders:  

Get SALT Encoding   

  12  0:01  SCV  
  13  0:13  SCV  
  14  0:20  Supply Depot  
  14  0:25  SCV  
  15  0:36  Refinery  
  15  0:42  SCV  
  16  0:51  Barracks  
  16  0:54  SCV  
  17  1:06  SCV  
  17  1:09  Supply Depot  
  19  1:18  SCV  
  19  1:30  Refinery, SCV  
  20  1:42  SCV  
  21  1:48  Factory  
  21  1:50  Marine  
  22  1:55  SCV  
  23  2:07  Marine, SCV  
  25  2:12  Supply Depot  
  25  2:19  Barracks, SCV  
  25  2:36  Factory Tech Lab  
  25  2:51  Starport  
  25  2:56  Starport  
  25  2:59  Marine  
  25  3:05  Supply Depot  
  26  3:17  Marine  
  27  3:22  Barracks Tech Lab  
  27  3:32  Factory Reactor  
  27  3:47  Orbital Command  
  27  3:49  Barracks Reactor, Supply Depot  
  27  3:53  Marine  
  28  3:55  Banshee  
  28  3:58  Banshee  
  34  4:10  Marine  
  35  4:28  Marine  
  36  4:37  Marine x2  
  36  4:38  Banshee  
  38  4:40  Banshee  
  44  4:59  Barracks Tech Lab  
  44  5:02  Supply Depot  
  44  5:23  Banshee  
  50  5:28  Bunker  
  25  6:51  Command Center  
  23  7:41  Orbital Command  
  21  8:18  SCV  
  22  8:30  SCV  
Show
View Real Time Build Order
Export as new Build Order

zidar Zerg 

Build Orders: Pool First, Ravager All-In 

Get SALT Encoding   

  12  0:01  Drone  
  13  0:12  Overlord  
  13  0:17  Drone  
  14  0:31  Drone x2  
  16  0:43  Spawning Pool  
  16  0:45  Drone  
  16  1:11  Hatchery  
  16  1:13  Drone  
  16  1:16  Drone  
  16  1:17  Extractor  
  16  1:34  Queen  
  16  1:37  Drone x2  
  20  1:45  Drone  
  21  1:50  Overlord  
  21  2:01  Zergling x2  
  22  2:10  Zergling x2  
  22  2:11  Queen  
  25  2:38  Drone x4  
  25  2:43  Roach Warren  
  28  2:46  Extractor  
  28  2:47  Drone x3  
  30  2:55  Overlord  
  30  2:59  Drone  
  30  3:02  Drone  
  30  3:04  Drone  
  33  3:24  Overlord  
  33  3:40  Overlord  
  33  3:41  Overlord x2  
  33  3:46  Roach x3  
  39  3:50  Drone  
  39  3:53  Extractor  
  39  4:01  Roach  
  39  4:02  Roach x3  
  47  4:09  Spore Crawler  
  46  4:13  Spore Crawler  
  45  4:19  Roach x3  
  45  4:23  Roach  
  53  4:26  Drone  
  53  4:29  Drone  
  55  4:41  Ravager x6  
  55  4:45  Roach  
  63  4:48  Roach  
  65  4:58  Roach  
  67  5:01  Overlord  
  53  7:00  Hatchery  
  52  7:01  Hatchery  
  41  7:17  Drone x7  
Tags
 
Add a new tag
Caveats
  • Supply blocks, unpowered buildings, or Contaminate may cause inaccurate times.
  • Supply counts are checked every 10 seconds.